 Dungeon Crawl Stone Soup version 0.23.2-40-g277498a001 (webtiles) character file.

Game seed: 9856724504441249538

331 FishyPogo the Conjurer (level 6, -2/28 HPs)
             Began as a Gargoyle Fire Elementalist on Oct 18, 2019.
             Was a Follower of Hepliaklqana.
             Killed by divine providence
             ... invoked by an orc priest
              (14 damage)
             ... on level 4 of the Dungeon on Oct 19, 2019.
             The game lasted 00:11:16 (2451 turns).

FishyPogo the Conjurer (Gargoyle Fire Elementalist) Turns: 2451, Time: 00:11:19

Health: -2/28      AC:  8    Str: 11    XL:     6   Next: 51%
Magic:  1/10       EV: 12    Int: 18    God:    Hepliaklqana [*.....]
Gold:   143        SH:  0    Dex: 10    Spells: 8/11 levels left

rFire    . . .     SeeInvis .   h - +0 club
rCold    . . .     Gourm    .   (no shield)
rNeg     + . .     Faith    .   a - +0 robe
rPois    ∞         Spirit   .   m - +0 helmet
rElec    +         Reflect  .   (no cloak)
rCorr    .         Harm     .   x - +0 pair of gloves
MR       .....                  (no boots)
Stlth    ++........             l - amulet of rage
HPRegen  0.09/turn              g - +1 ring of slaying
MPRegen  0.12/turn              u - ring of flight

@: no status effects
A: reduced essence, negative energy resistance 1, electricity resistance,
unbreathing, petrification resistance, rot immunity, AC +4
a: Recall Ancestor, Ancestor Identity, Renounce Religion, Evoke Berserk Rage,
Evoke Flight


You were on level 4 of the Dungeon.
You worshipped Hepliaklqana.
Hepliaklqana was aware of your devotion.
You were not hungry.

You visited 1 branch of the dungeon, and saw 4 of its levels.

You collected 143 gold pieces.

Inventory:

Hand Weapons
 h - a +0 club (weapon)
Missiles
 d - 127 stones (quivered)
 f - a throwing net
 q - 2 tomahawks
Armour
 a - a +0 robe (worn)
 m - a +0 helmet (worn)
 x - a +0 pair of gloves (worn)
Jewellery
 g - a +1 ring of slaying (left hand)
 i - an uncursed ring of stealth
 l - an amulet of rage (around neck)
 u - a ring of flight (right hand)
Scrolls
 b - 8 scrolls of identify {unknown}
 e - 2 scrolls of remove curse
 j - 2 scrolls of noise {unknown}
 k - a scroll of magic mapping
 r - a scroll of blinking {unknown}
 t - a scroll of enchant armour {unknown}
 y - a scroll of teleportation {unknown}
Potions
 n - a potion of flight {unknown}
 p - a potion of magic
Comestibles
 c - 4 rations


   Skills:
 + Level 2.8 Dodging
 - Level 2.5 Stealth
 + Level 3.1 Spellcasting
 * Level 4.4 Conjurations
 + Level 4.0 Fire Magic


You had 8 spell levels left.
You knew the following spells:

 Your Spells              Type           Power        Failure   Level  Hunger
a - Flame Tongue          Conj/Fire      ###..        2%          1    None
b - Throw Flame           Conj/Fire      ###...       4%          2    ##.....

Your spell library contained the following spells:

 Spells                   Type           Power        Failure   Level  Hunger
 Conjure Flame            Conj/Fire      ###.....     9%          3    ###....
 Inner Flame              Hex/Fire       ##......     22%         3    ###....
 Sticky Flame             Conj/Fire      ###.....     28%         4    ####...
 Fireball                 Conj/Fire      ###.......   61%         5    ######.


Dungeon Overview and Level Annotations

Branches:
Dungeon (4/15)
 Temple: D:4-7

Altars:
Hepliaklqana
Okawaru
Qazlal
Ru
Sif Muna
Trog
Zin
The Shining One


Innate Abilities, Weirdness & Mutations

You are resistant to torment.
Your stone body is resilient. (AC +4)
You are immune to poison.
You resist negative energy. (rN+)
You are resistant to electric shocks. (rElec)
You can survive without breathing.
You are immune to petrification.
You are immune to rotting.
Your life essence is reduced to manifest your ancestor. (-10% HP)


Message History

The orc priest hits you but does no damage.
You swap places.
The orc priest completely misses Kheti.
Kheti hits the orc priest.
The orc priest hits Kheti with a +0 flail.
It was a potion of cancellation.
Your magical effects are unravelling.
You feel magically purged.
You feel a little less agile now.
Kheti closely misses the orc priest.
The orc priest completely misses Kheti.
The orc priest casts a cantrip, but nothing happens.
It was a potion of curing.
You feel better.
Kheti barely misses the orc priest.
The orc priest casts a cantrip, but nothing happens.
The orc priest closely misses Kheti.
As you read the scroll labeled VUJIUNIVEX, it crumbles to dust.
You feel aware of your surroundings.
You sensed 4 altars.
It was a scroll of magic mapping.
Kheti hits the orc priest.
The orc priest calls down the wrath of Beogh upon you.
Beogh smites you!
Ouch! That really hurt!
You die...

####........#
**,************,
####.#####.##
*....,,,,,,,,,,, .....#
#.# *...#***********
###### **.#* ****...####
# *,,,***,,,......#
#########,,,,,,,,,......#
........#,,,***,,,....(.#
#######.##########)..#***
#.....>...@Ro..#
############o..# *####


You could see the friendly Kheti the ancestor and 2 orc priests.

Vanquished Creatures
  Menkaure (D:4)
  A scorpion (D:4)
  A hound (D:3)
  An iguana (D:4)
  3 gnolls (D:2)
  An adder (D:4)
  2 oozes
  A worm (D:2)
  2 dart slugs
  5 leopard geckos
  6 orcs
  3 ball pythons
  A giant cockroach (D:2)
  5 goblins
  4 hobgoblins
  4 kobolds
  A quokka (D:2)
  2 bats (D:1)
  2 frilled lizards
  8 rats
54 creatures vanquished.

Vanquished Creatures (others)
  3 ancestors
3 creatures vanquished.

Grand Total: 57 creatures vanquished

Notes
Turn   | Place    | Note
-------+----------+-------------------------------------------
     0 | D:1      | FishyPogo the Gargoyle Fire Elementalist began the quest
                  | for the Orb.
     0 | D:1      | Reached XP level 1. HP: 10/10 MP: 3/3
    93 | D:1      | Reached XP level 2. HP: 2/15 MP: 0/5
   213 | D:1      | Learned a level 2 spell: Throw Flame
   507 | D:1      | Found a glowing golden altar of the Shining One.
   530 | D:1      | Became a worshipper of the Shining One
   786 | D:1      | Reached XP level 3. HP: 18/19 MP: 4/6
   835 | D:2      | Found a hazy altar of Hepliaklqana.
   846 | D:2      | Fell from the grace of the Shining One
   846 | D:2      | Became a worshipper of Hepliaklqana the Forgotten
   933 | D:2      | Reached XP level 4. HP: 21/21 MP: 1/7
  1405 | D:3      | Found a bloodstained altar of Trog.
  1405 | D:3      | Found a glowing golden altar of the Shining One.
  1405 | D:3      | Found a sacrificial altar of Ru.
  1406 | D:3      | Found an iron altar of Okawaru.
  1406 | D:3      | Found a stormy altar of Qazlal.
  1406 | D:3      | Found a deep blue altar of Sif Muna.
  1476 | D:3      | Reached * piety under Hepliaklqana
  1648 | D:3      | Found a glowing silver altar of Zin.
  1872 | D:4      | Reached XP level 5. HP: 16/25 MP: 3/9
  1990 | D:4      | Noticed Menkaure
  1996 | D:4      | Killed Menkaure
  1996 | D:4      | Reached XP level 6. HP: 18/28 MP: 0/10
  2446 | D:4      | HP: 1/28 [orc priest/+0 flail (9)]
  2451 | D:4      | Killed from afar by an orc priest

Skill      XL: |  1  2  3  4  5 |
---------------+----------------+-----
Conjurations   | 2 3 4 |  4.4
Dodging        | 2 |  2.8
Spellcasting   | 3 |  3.1
Fire Magic     | 4 |  4.0
Stealth        | |  2.5

Action                   |  1- 3 |  4- 6 || total
-------------------------+-------+-------++-------
Melee: Unarmed           |    36 |       ||    36
       Club              |    10 |    15 ||    25
 Cast: Flame Tongue      |    34 |    38 ||    72
       Throw Flame       |     2 |    15 ||    17
  Use: Scroll            |       |     2 ||     2
       Potion            |       |     5 ||     5
  Eat: Chunk             |     1 |     5 ||     6
Armor: Robe              |    27 |    13 ||    40
Dodge: Dodged            |    61 |    23 ||    84
